 Dungeon Crawl Stone Soup version 0.30-a0-847-g17996783a1 (webtiles) character file.

Game seed: 4731538646166920148

71884 Newt the Markskobold (level 15, -11/81 HPs)
             Began as a Kobold Hunter on Mar 3, 2023.
             Was a High Priest of Hepliaklqana.
             Killed from afar by Azrael (46 damage)
             ... with a bolt of fire
             ... on level 1 of the Elven Halls.
             The game lasted 00:32:55 (19455 turns).

Newt the Markskobold (Kobold Hunter)               Turns: 19455, Time: 00:32:55

Health: -11/81     AC: 12    Str: 11    XL:     15   Next: 84%
Magic:  24/24      EV: 25    Int: 13    God:    Hepliaklqana [*****.]
Gold:   2062       SH:  5    Dex: 30    Spells: 18/26 levels left

rFire   . . .      SeeInvis .    a - +4 shortbow (flame)
rCold   . . .      Faith    .    (shield currently unavailable)
rNeg    . . .      Spirit   .    I - +4 troll leather armour
rPois   .          Reflect  +    W - +1 helmet {Int+3}
rElec   .          Rampage  .    S - scarf {harm}
rCorr   .          Harm     + .  (no gloves)
Will    ++...                    f - +1 pair of boots
Stlth   +++                      F - amulet of reflection
HPRegen 1.13/turn                G - ring of willpower
MPRegen 0.19/turn                H - +6 ring of dexterity

@: no status effects
A: reduced essence, small, no large weapons, nightstalker 3
a: Renounce Religion, Recall Ancestor, Ancestor Identity, Transference, Idealise


You were on level 1 of the Elven Halls.
You worshipped Hepliaklqana.
Hepliaklqana was extremely pleased with you.
You visited 4 branches of the dungeon, and saw 19 of its levels.
You also visited: Sewer, Gauntlet and Ice Cave.

You collected 2577 gold pieces.
You spent 515 gold pieces at shops.

Inventory:

Hand Weapons
 a - a +4 shortbow of flaming (weapon)
 N - the +10 dagger of the Shallot {distort, *Corrode +Blink rC+ Int+2}
   (You took it off a kobold brigand on level 9 of the Dungeon)

   Int:       It affects your intelligence (+2).
   rC:        It protects you from cold.
   +Blink:    It lets you blink.
   *Corrode:  It may corrode you when you take damage.
Missiles
 p - 2 throwing nets
Armour
 c - a +2 buckler of fire resistance
 f - a +1 pair of boots (worn)
 g - a +0 kite shield of reflection
 I - a +4 troll leather armour (worn)
 S - a scarf of harm (worn)
 W - a +1 helmet of intelligence (worn)
Jewellery
 n - the amulet of Hasemaiw {rC- Regen+ Str+4 Dex+6}
   (You found it on level 5 of the Lair of Beasts)

   [amulet of regeneration]

   Str:       It affects your strength (+4).
   Dex:       It affects your dexterity (+6).
   rC:        It makes you vulnerable to cold.
   Regen:     It increases your rate of health regeneration.
 r - a ring of resist corrosion
 s - a ring of flight
 F - an amulet of reflection (around neck)
 G - a ring of willpower (left hand)
 H - a +6 ring of dexterity (right hand)
 J - a +5 ring of evasion
 M - a ring of wizardry
 Z - a ring of see invisible
Wands
 x - a wand of polymorph (21)
 y - a wand of roots (11)
 z - a wand of paralysis (6)
 C - a wand of acid (4)
Scrolls
 b - 3 scrolls of immolation
 d - 3 scrolls of magic mapping
 e - 2 scrolls of silence
 m - 6 scrolls of poison
 o - a scroll of fog
 t - 13 scrolls of teleportation
 B - 2 scrolls of blinking
 D - 3 scrolls of brand weapon
 E - 3 scrolls of vulnerability
 K - 3 scrolls of fear
 O - 3 scrolls of amnesia
 R - a scroll of summoning
 V - 4 scrolls of identify
 Y - a scroll of enchant armour
Potions
 h - 10 potions of curing
 i - 3 potions of heal wounds
 j - 3 potions of haste
 l - 3 potions of mutation
 q - 3 potions of brilliance
 u - a potion of cancellation
 v - 4 potions of flight
 w - 2 potions of ambrosia
 L - 2 potions of berserk rage
 Q - 3 potions of resistance
Miscellaneous
 k - a lightning rod (4/4)
 A - a box of beasts
 X - a phial of floods


   Skills:
 - Level 9.0 Fighting
 - Level 18.0 Ranged Weapons
 - Level 10.0 Dodging
 - Level 1.3 Stealth
 - Level 6.4 Spellcasting
 - Level 13.7 Translocations
 - Level 6.4 Transmutations
 - Level 8.0 Invocations
 + Level 12.3 Evocations


You had 18 spell levels left.
You knew the following spells:

 Your Spells              Type           Power      Damage    Failure   Level
a - Wereblood             Tmut           20%        N/A       2%          2
b - Dispersal             Tloc           20%        N/A       12%         6

Your spell library contained the following spells:

 Spells                   Type           Power      Damage    Failure   Level
 Beastly Appendage        Tmut           40%        N/A       1%          1
 Manifold Assault         Tloc           40%        N/A       1%          4
 Passwall                 Tmut/Erth      10%        N/A       9%          2
 Spider Form              Tmut/Pois      12%        N/A       17%         3
 Magic Dart               Conj           16%        1d3       22%         1
 Sandblast                Erth           8%         2d5       22%         1
 Shock                    Conj/Air       16%        1d4       22%         1
 Slow                     Hex            16%        N/A       22%         1
 Cigotuvi's Dreadful Rot  Necr/Pois/Air  8%         N/A       32%         2
 Poisonous Vapours        Pois/Air       8%         N/A       32%         2
 Searing Ray              Conj           8%         2d4       32%         2
 Confusing Touch          Hex            4%         N/A       54%         3
 Dazzling Flash           Conj/Hex       8%         N/A       54%         3
 Mephitic Cloud           Conj/Pois/Air  4%         N/A       54%         3
 Stone Arrow              Conj/Erth      8%         3d7       54%         3
 Swiftness                Air            4%         N/A       54%         3
 Vampiric Draining        Necr           4%         2d6       54%         3
 Yara's Violent Unravell  Hex/Tmut       6%         3d5       85%         5
 Airstrike                Air            2%         2d(1-17)  91%         4
 Animate Armour           Summ/Erth      8%         N/A       91%         4
 Fulminant Prism          Conj/Hex       2%         3d5       91%         4
 Summon Lightning Spire   Summ/Air       4%         N/A       91%         4
 Agony                    Necr           4%         N/A       99%         5
 Iskenderun's Battlesphe  Conj           4%         2d6       99%         5
 Lightning Bolt           Conj/Air       2%         1d13      99%         5
 Silence                  Hex/Air        2%         N/A       99%         5
 Disjunction              Tloc           20%        N/A       99%         8
 Iron Shot                Conj/Erth      2%         9d2       100%        6
 Enfeeble                 Hex            2%         N/A       100%        7
 Spellforged Servitor     Conj/Summ      2%         N/A       100%        7


Dungeon Overview and Level Annotations

Branches:
Dungeon (11/15)            Temple (0/1) D:6            Lair (5/5) D:11
 Shoals (0/4) Lair:3        Snake (0/4) Lair:3        Slime (0/5) Lair:5
    Orc (2/2) D:10            Elf (1/3) Orc:2         Sewer (visited)
  IceCv (visited)         Gauntlet (visited)

Altars:
Elyvilon
Fedhas
Hepliaklqana
Nemelex Xobeh
Qazlal
Ru
Trog
Uskayaw
Xom
The Shining One
Lugonu

Shops:
Orc:2 (=*[

Portals:
Abyss: Orc:2

Annotations:
D:9 3 transporters
Elf:1 Azrael


Innate Abilities, Weirdness & Mutations

Your life essence is reduced to manifest your ancestor. (-10% HP)
You are small and have problems with some larger weapons.
You are completely attuned to the shadows.


Message History

Something bites Mettia.
Mettia blocks something's attack.
Something bites Mettia but does no damage.
Unknown command.
You swap places.
The hell hound breathes flames at you. The blast of flame misses you.
Azrael screams, "Burn!
Burn!
All of it must BURN!"
The hell hound closely misses you.
You shoot an arrow. The arrow hits the hell hound!
You kill the hell hound!
You shoot an arrow. The arrow barely misses the hell hound.
The arrow hits Azrael but does no damage.
The hell hound misses you.
A fire elemental comes into view.
You shoot an arrow. The arrow barely misses the hell hound.
The arrow hits Azrael!
Azrael is lightly wounded.
The hell hound barely misses you.
You shoot an arrow. The arrow hits the hell hound.
The hell hound is moderately wounded.
The hell hound barely misses you.
You shoot an arrow. The arrow hits the hell hound.
The hell hound is heavily wounded.
The hell hound completely misses you. Azrael gestures at you.
The fireball explodes!
The fireball engulfs the hell hound.
The hell hound completely resists.
The fireball engulfs Azrael.
Azrael completely resists.
The fireball engulfs you!!
You hear a shout! x2
You are too injured to fight recklessly!
You shoot an arrow.
The arrow closely misses the hell hound.
The arrow hits Azrael!
Azrael is moderately wounded.
You block the hell hound's attack. The hell hound bites you.
Azrael gestures at you.
The bolt of fire hits the hell hound.
The hell hound completely resists.
The bolt of fire hits you!!!
Ouch! That really hurt!
You die...

# #....†.....
.#. ##........
...#####.##...
°....R..†# ...
.°☼#.##### ..
.E###R##
○#R###.#
##h#R## ##@##
##.# ..# ....
....


You could see the friendly Mettia the knight, Azrael (ally target), a fire
elemental and a hell hound.

Vanquished Creatures
  Kirke (Lair:3)
  A fire giant (D:11)
  An orc warlord (Orc:2)
  A minotaur (Gauntlet)
  Fannar (Lair:2)
  A hydra (Lair:4)
  The ghost of gelatine the Arsonist, a journeyman DsFE of Vehumet (Orc:1)
  4 two-headed ogres
  3 orc high priests (Orc:2)
  A thrashing horror (Gauntlet)
  2 skysharks
  A deep elf archer (D:11)
  A wizard (D:9)
  A wolf spider (Lair:5)
  4 orc knights
  5 orc sorcerers (Orc:2)
  5 ugly things
  2 manticores (D:11)
  A cyclops (D:9)
  4 merfolk sirens (Lair:3)
  7 elephants
  4 black mambas (Lair:5)
  A guardian serpent (Lair:5)
  4 ice statues
  11 cane toads
  9 komodo dragons
  A yaktaur (D:11)
  5 trolls
  A polar bear (Lair:5)
  3 meliai (Gauntlet)
  Prince Ribbit (D:9)
  2 hornets
  A tarantella (shapeshifter) (D:9)
  21 blink frogs
  Sigmund (D:5)
  38 yaks
  A wraith (D:11)
  A dire elephant simulacrum (IceCv)
  4 basilisks
  10 wyverns
  A fire elemental (Elf:1)
  A steam dragon (Lair:1)
  6 redbacks
  4 vampire mosquitoes
  5 nagas (Lair:3)
  3 wargs
  An acid dragon (D:9)
  2 hell hounds (Elf:1)
  21 water moccasins
  Duvessa (D:5)
  25 orc warriors
  2 ice beasts
  2 black bears
  9 ogres
  6 wolves
  10 centaurs
  The ghost of demibob the Chopper, an amateur DsWn (D:3)
  4 kobold brigands
  16 bullfrogs
  3 scorpions
  2 gnoll sergeants
  A cane toad simulacrum (IceCv)
  3 small abominations (Gauntlet)
  4 wights
  Dowan (D:5)
  2 elephant simulacra (IceCv)
  10 killer bees
  2 electric eels
  A howler monkey (D:7)
  6 hounds
  3 jellies
  10 orc priests
  3 gnoll boudas
  Ijyb (D:5)
  3 iguanas
  2 sleepcaps
  A hell rat (Sewer)
  25 orc wizards
  A polar bear simulacrum (IceCv)
  10 adders
  28 gnolls
  4 river rats
  2 shadow imps
  2 white imps
  An ufetubus (D:5)
  A worm (D:4)
  6 dart slugs
  59 orcs
  10 endoplasms
  3 giant cockroaches
  7 goblins
  13 hobgoblins
  5 quokkas
  7 ball pythons
  12 bats
  6 frilled lizards
  18 kobolds
  9 rats
574 creatures vanquished.

Vanquished Creatures (collateral kills)
  Erolcha (D:11)
  A catoblepas (Lair:5)
  A lindwurm (Lair:3)
  An orc knight (Orc:2)
  A cyclops (D:11)
  An orc sorcerer (Orc:2)
  3 elephants (Lair:3)
  6 cane toads (Lair:5)
  A komodo dragon (Lair:5)
  2 hornets
  3 blink frogs
  A slime creature (D:11)
  A wyvern (Lair:5)
  5 yaks
  2 steam dragons
  2 hogs (Lair:3)
  4 redbacks (Elf:1)
  3 vampire mosquitoes
  2 nagas (Lair:3)
  A harpy simulacrum (IceCv)
  Edmund (D:5)
  2 water moccasins (Lair:5)
  A sky beast (D:6)
  8 orc warriors
  An ogre (Orc:2)
  A centaur (D:9)
  3 bullfrogs
  A scorpion (D:6)
  3 gnoll sergeants
  A wight (D:9)
  5 killer bees
  2 hounds
  A jelly (Lair:5)
  2 gnoll boudas
  An orc priest (Orc:2)
  4 orc wizards
  A polar bear simulacrum (IceCv)
  6 gnolls
  9 orcs
  2 hobgoblins (D:8)
  4 kobolds
101 creatures vanquished.

Vanquished Creatures (others)
  A shadow (D:9)
  A human (Lair:3)
  8 knights
  2 ancestors (D:5)
  20 demonic plants (Gauntlet)
  54 fungi
  A lurking horror (Orc:2)
  93 plants
180 creatures vanquished.

Grand Total: 855 creatures vanquished

Notes
Turn   | Place    | Note
-------+----------+-------------------------------------------
     0 | D:1      | Newt the Kobold Hunter began the quest for the Orb.
     0 | D:1      | Reached XP level 1. HP: 12/12 MP: 1/1
   224 | D:1      | Reached XP level 2. HP: 18/19 MP: 2/2
   520 | D:1      | Reached XP level 3. HP: 23/23 MP: 3/3
   576 | D:1      | Found a faded altar of an unknown god.
  1532 | D:2      | Reached XP level 4. HP: 12/30 MP: 4/4
  2463 | D:3      | Found a sacrificial altar of Ru.
  2464 | D:3      | Found a sparkling altar of Nemelex Xobeh.
  2466 | D:3      | Found a glowing golden altar of the Shining One.
  2466 | D:3      | Found a hazy altar of Hepliaklqana.
  2471 | D:3      | Found a bloodstained altar of Trog.
  2472 | D:3      | Found a shimmering altar of Xom.
  2474 | D:3      | Became a worshipper of Hepliaklqana the Forgotten
  2582 | D:3      | Found a large runed translucent door.
  2583 | D:3      | Found a large runed translucent door.
  2714 | D:3      | Reached skill level 5 in Fighting
  2776 | D:3      | Reached XP level 5. HP: 35/35 MP: 5/5
  2824 | D:3      | Reached skill level 6 in Ranged Weapons
  3565 | D:3      | Noticed demibob's ghost (amateur DsWn)
  3579 | D:3      | Killed demibob's ghost
  3580 | D:3      | Reached skill level 7 in Ranged Weapons
  3580 | D:3      | Reached XP level 6. HP: 35/40 MP: 6/6
  3697 | D:4      | Reached skill level 8 in Ranged Weapons
  3982 | D:4      | Reached XP level 7. HP: 44/44 MP: 7/7
  4106 | D:4      | Reached skill level 9 in Ranged Weapons
  4388 | D:5      | Entered Level 5 of the Dungeon
  4457 | D:5      | Found a glowing drain.
  4465 | Sewer    | Entered a sewer
  4514 | Sewer    | Reached * piety under Hepliaklqana
  4655 | D:5      | Reached skill level 10 in Ranged Weapons
  4731 | D:5      | Reached XP level 8. HP: 29/44 MP: 8/8
  4947 | D:5      | Noticed Duvessa
  4947 | D:5      | Noticed Dowan
  4958 | D:5      | Killed Duvessa
  4959 | D:5      | Reached skill level 5 in Dodging
  4963 | D:5      | Killed Dowan
  5097 | D:5      | Noticed Ijyb
  5103 | D:5      | Killed Ijyb
  5468 | D:5      | Reached skill level 11 in Ranged Weapons
  5595 | D:5      | Noticed Sigmund
  5598 | D:5      | Noticed Edmund
  5600 | D:5      | Killed Sigmund
  5601 | D:5      | Reached skill level 12 in Ranged Weapons
  5601 | D:5      | Reached XP level 9. HP: 43/48 MP: 9/9
  5605 | D:5      | Killed Edmund
  5717 | D:6      | Reached skill level 13 in Ranged Weapons
  5786 | D:6      | Identified the +5 plate armour of the End {rN+ Dex-5
                  | Slay+3}
  5857 | D:6      | Reached skill level 14 in Ranged Weapons
  6098 | D:6      | Found a white marble altar of Elyvilon.
  6113 | D:6      | Found a staircase to the Ecumenical Temple.
  6596 | D:7      | Reached skill level 15 in Ranged Weapons
  6603 | D:7      | Learned a level 2 spell: Wereblood
  6700 | D:7      | Reached skill level 1 in Spellcasting
  6700 | D:7      | Reached skill level 1 in Transmutations
  6785 | D:7      | Reached XP level 10. HP: 53/53 MP: 10/12
  7181 | D:8      | Reached ** piety under Hepliaklqana
  7188 | D:8      | Remembered your ancestor Mettia as a knight
  7445 | D:8      | Found a stormy altar of Qazlal.
  7453 | D:8      | Found a blossoming altar of Fedhas.
  7541 | D:8      | Noticed a two-headed ogre
  7544 | D:8      | Reached skill level 5 in Spellcasting
  7544 | D:8      | Reached skill level 5 in Transmutations
  7556 | D:8      | Killed a two-headed ogre
  8406 | D:9      | Noticed Prince Ribbit
  8413 | D:9      | Reached XP level 11. HP: 56/56 MP: 18/20
  8420 | D:9      | Killed Prince Ribbit
  8583 | D:9      | Found a transporter.
  8585 | D:9      | Found a transporter.
  8615 | D:9      | Found a transporter.
  8719 | D:9      | Found a transporter.
  8741 | D:9      | Reached skill level 5 in Evocations
  8752 | D:9      | Noticed a white ugly thing
  8757 | D:9      | Killed a white ugly thing
  8838 | D:9      | Noticed a two-headed ogre
  8840 | D:9      | Noticed a two-headed ogre
  8852 | D:9      | Killed a two-headed ogre
  8863 | D:9      | Killed a two-headed ogre
  9128 | D:9      | Reached skill level 10 in Dodging
  9128 | D:9      | Reached skill level 1 in Invocations
  9383 | D:9      | Noticed a white ugly thing
  9394 | D:9      | Killed a white ugly thing
  9396 | D:9      | Reached XP level 12. HP: 61/61 MP: 21/21
  9405 | D:9      | Identified the +10 dagger of the Shallot {distort, *Corrode
                  | +Blink rC+ Int+2}
  9414 | D:9      | Reached skill level 5 in Invocations
 10051 | D:10     | Entered Level 10 of the Dungeon
 10082 | D:10     | Reached *** piety under Hepliaklqana
 10337 | D:10     | Found a staircase to the Orcish Mines.
 10645 | D:11     | Noticed a two-headed ogre
 10663 | D:11     | Killed a two-headed ogre
 10670 | D:11     | Noticed Erolcha
 10679 | D:11     | Killed Erolcha
 11002 | D:11     | Found a staircase to the Lair.
 11036 | D:11     | Reached XP level 13. HP: 72/72 MP: 22/22
 11120 | D:11     | Noticed a fire giant
 11135 | D:11     | Killed a fire giant
 11136 | D:11     | Reached skill level 16 in Ranged Weapons
 11541 | Lair:1   | Entered Level 1 of the Lair of Beasts
 11607 | Lair:1   | Reached skill level 17 in Ranged Weapons
 11835 | Lair:1   | Identified the +1 trident of the Usurping Pill Bug {pain,
                  | rC+ Str+4 Int-2 SInv}
 11917 | Lair:1   | Found the +5 Force Lance {heavy, knockback}
 11986 | Lair:1   | Reached **** piety under Hepliaklqana
 12181 | Lair:1   | Reached skill level 18 in Ranged Weapons
 12186 | Lair:1   | Reached skill level 1 in Translocations
 12381 | Lair:2   | Reached skill level 5 in Translocations
 12896 | Lair:2   | Noticed Fannar
 12904 | Lair:2   | Killed Fannar
 13088 | Lair:2   | Reached ***** piety under Hepliaklqana
 13292 | Lair:3   | Noticed Kirke
 13422 | Lair:3   | Killed Kirke
 13431 | Lair:3   | Reached XP level 14. HP: 48/77 MP: 23/23
 13584 | Lair:3   | Found a staircase to the Shoals.
 13631 | Lair:3   | Identified the +1 leather armour of Ydufrum {rElec}
 13639 | Lair:3   | Learned a level 6 spell: Dispersal
 13922 | Lair:3   | Reached skill level 10 in Translocations
 14087 | Lair:3   | Found a staircase to the Snake Pit.
 14979 | Lair:4   | Found a hide-covered altar of Uskayaw.
 15414 | Lair:5   | Entered Level 5 of the Lair of Beasts
 15585 | Lair:5   | Found a frozen archway.
 15590 | Lair:5   | Found a gate leading to a gauntlet.
 15596 | Gauntlet | Entered a Gauntlet
 15607 | Gauntlet | Found a transporter.
 15607 | Gauntlet | Found a transporter.
 15622 | Gauntlet | Found a transporter.
 15659 | Gauntlet | Found a transporter.
 15673 | Gauntlet | Found a transporter.
 15688 | Gauntlet | Found a transporter.
 15703 | Gauntlet | Found a transporter.
 15729 | Gauntlet | Found a transporter.
 15743 | Gauntlet | Found a transporter.
 15765 | Gauntlet | Found a transporter.
 15782 | Gauntlet | Found a transporter.
 15960 | Gauntlet | Noticed a minotaur
 15975 | Gauntlet | Killed a minotaur
 15982 | Gauntlet | Identified the +9 dagger "Pautuadoo" {freeze, Contam rElec
                  | Int+7 Dex-4}
 15986 | Gauntlet | Identified the +4 ring mail "Owkox" {-Tele Dex+3 Stlth+}
 15989 | Gauntlet | Got the Tome of the Evil Eye and Breccia
 16017 | IceCv    | Entered an ice cave
 16068 | IceCv    | Reached XP level 15. HP: 63/81 MP: 22/24
 16359 | Lair:5   | Identified the amulet of Hasemaiw {rC- Regen+ Str+4 Dex+6}
 16887 | Lair:5   | Found a runed translucent door.
 16888 | Lair:5   | Found a staircase to the Slime Pits.
 17510 | Orc:1    | Entered Level 1 of the Orcish Mines
 17561 | Orc:1    | Found a runed translucent door.
 17607 | Orc:1    | Noticed gelatine's ghost (journeyman DsFE)
 17878 | Orc:1    | Killed gelatine's ghost
 17923 | Orc:2    | Entered Level 2 of the Orcish Mines
 18029 | Orc:2    | Found a one-way gate to the infinite horrors of the Abyss.
 18031 | Orc:2    | Found a corrupted altar of Lugonu.
 18044 | Orc:2    | Found a staircase to the Elven Halls.
 18294 | Orc:2    | Reached skill level 10 in Evocations
 18452 | Orc:2    | Found Yntowech's Jewellery Boutique.
 18470 | Orc:2    | Noticed an orc warlord
 18478 | Orc:2    | Killed an orc warlord
 18484 | Orc:2    | Bought a ring of willpower for 350 gold pieces
 18585 | Orc:2    | Found Suzifrusk's General Store.
 18675 | Orc:2    | Found Peaqukoh's Antique Armour Emporium.
 18681 | Orc:2    | Bought a faintly humming robe for 165 gold pieces
 18681 | Orc:2    | Identified the +1 robe of True Grit {Int+3} (You bought it
                  | in a shop on level 2 of the Orcish Mines)
 18982 | Orc:2    | Found Feanlus's Antique Weapon Emporium.
 19334 | Elf:1    | Entered Level 1 of the Elven Halls
 19423 | Elf:1    | Noticed Azrael
 19455 | Elf:1    | Killed from afar by Azrael

Illustrated notes

Levels and vault maps discovered:
D:1:      nicolae_arrival_washed_ashore, layout_basic,
          shapermc_ecumenical_altar_totnotflames
D:2:      layout_basic, minmay_between
D:3:      minmay_razor_zed, layout_loops_ring, grunt_temple_overflow_open,
          ebering_ghost_disaster_area
D:4:      layout_loops_ring
D:5:      layout_basic, gup_sewer_entry_bubbles, sigmund_edmund_badplayer,
          uniq_ijyb, uniq_duvessa
D:6:      layout_rooms, marbit_many_paths, minmay_temple_entry_mist
D:7:      layout_rooms
D:8:      kennysheep_housing_project, layout_gridville,
          grunt_temple_overflow_forces_of_nature
D:9:      nzn_winding_woodlands_stair_cross
          [nzn_winding_woodlands_5x15_sidewinder,
          nzn_winding_woodlands_center_pierced_h,
          nzn_winding_woodlands_5x15_river_crossing,
          nzn_winding_woodlands_5x5_cross, nzn_winding_woodlands_5x5_three,
          nzn_winding_woodlands_5x15_concentric,
          nzn_winding_woodlands_center_garden,
          nzn_winding_woodlands_5x15_jagged], layout_irregular_city,
          abandoned_shop, minmay_stone_trees_small, nicolae_transporter_circle,
          uniq_prince_ribbit1
D:10:     layout_rooms, orc_0_dummy, minivault_16
D:11:     minmay_mutant_horseshoe, layout_basic, erik_lair_orcish_takeover,
          uniq_erolcha
Lair:1:   layout_loops_ring, grunt_megastairs_1
Lair:2:   layout_hall_layers, serial_bayou, serial_bayou_shore_b,
          serial_bayou_crossing, serial_bayou_lagoon_a, serial_bayou_pond_c,
          serial_bayou_pond_c, uniq_fannar
Lair:3:   layout_hall_layers, elwin_shoals_entry_stream,
          minmay_snake_entry_guardpost_large, serial_bayou_shore_a, uniq_kirke
Lair:4:   layout_gridlike, basic_altar, minmay_holes
Lair:5:   wormcave, layout_loops_ring, hangedman_lair_tendril_chambers,
          slime_entry_2, gauntlet_entry_generic,
          portal_ice_cave_entry_pillars_1, lemuel_fruit_tree
Orc:1:    layout_caves, hellmonk_ghost_happy_afterlife
Orc:2:    grunt_orc_gardens, layout_caves, grunt_orc_garden, grunt_orc_garden,
          grunt_orc_garden, grunt_orc_garden, amcnicky_altar_lugonu_corruption
Elf:1:    layout_loops_cross, gammafunk_ghost_wrathful_warriors, serial_shops,
          shop, evilmike_minifort, drop_trap, uniq_azrael

Skill      XL: |  1  2  3  4  5  6  7  8  9 10 11 12 13 14 15 |
---------------+----------------------------------------------+-----
Fighting       | 3 4 5 9 |  9.0
Ranged Weapons | 7 8 10 12 15 18 | 18.0
Dodging        | 4 6 10 | 10.0
Spellcasting   | 1 6 |  6.4
Transmutations | 1 6 |  6.4
Evocations     | 6 12 | 12.3
Invocations    | 4 8 |  8.0
Translocations | 7 13 | 13.7
Stealth        | |  1.3

Action                     |  1- 3 |  4- 6 |  7- 9 | 10-12 | 13-15 || total
---------------------------+-------+-------+-------+-------+-------++-------
  Melee: Unarmed           |       |       |       |       |     8 ||     8
   Fire: Shortbow          |    76 |   167 |   269 |   588 |   996 ||  2096
  Throw: Throwing net      |       |       |       |       |     1 ||     1
   Cast: Wereblood         |       |       |       |    26 |    33 ||    59
         Dispersal         |       |       |       |       |     6 ||     6
 Invoke: Recall Ancestor   |       |       |     1 |     3 |     6 ||    10
         Ancestor Life: Kn |       |       |       |     1 |       ||     1
         Transference      |       |       |       |       |     2 ||     2
         Idealise          |       |       |       |       |     1 ||     1
  Evoke: Wand              |       |       |       |     4 |     3 ||     7
         Box of beasts     |       |       |       |     1 |       ||     1
    Use: Scroll            |    11 |     3 |    11 |     9 |     5 ||    39
         Potion            |       |     3 |     1 |     3 |    10 ||    17
 Armour: Leather armour    |     8 |    50 |    25 |    15 |       ||    98
         Skin              |       |     5 |       |       |       ||     5
         Acid dragon scale |       |       |       |     9 |       ||     9
         Troll leather arm |       |       |       |    11 |    76 ||    87
  Dodge: Dodged            |    39 |    97 |    68 |   154 |   530 ||   888
  Block: Other             |       |       |       |    27 |   113 ||   140
         Reflection        |       |       |       |     4 |     2 ||     6

Table legend: (Time is in decaauts)
 A = Elapsed time spent in this place.
 B = Non-inter-level travel time spent in this place.
 C = Inter-level travel time spent in this place.
 D = Time resting spent in this place.
 E = Time spent auto-exploring this place.
 F = Levels seen in this place.
 G = Mean time per level.
                   A        B        C        D        E       F      G
               +--------+--------+--------+--------+--------+-----+--------+
         Total |  19221 |  18408 |    813 |   1204 |  13908 |  22 |  873.7 |
       Dungeon |  11482 |  10946 |    536 |    652 |   8472 |  11 | 1043.8 |
          Lair |   5094 |   4905 |    189 |    304 |   3756 |   5 | 1018.8 |
  Orcish Mines |   1757 |   1670 |     87 |     71 |   1305 |   2 |  878.5 |
   Elven Halls |    114 |    114 |      0 |      0 |     70 |   1 |  114.0 |
         Sewer |     99 |     99 |      0 |      0 |     54 |   1 |   99.0 |
      Ice Cave |    266 |    266 |      0 |    147 |     32 |   1 |  266.0 |
      Gauntlet |    407 |    407 |      0 |     30 |    218 |   1 |  407.0 |
               +--------+--------+--------+--------+--------+-----+--------+

Top non-repeatable levels by time:
     D:9: 1624 daAuts
     D:3: 1417 daAuts
     D:8: 1287 daAuts
     D:5: 1240 daAuts
  Lair:5: 1224 daAuts
   Orc:2: 1211 daAuts
     D:2: 1159 daAuts
     D:1: 1113 daAuts
  Lair:2: 1035 daAuts
  Lair:4: 1014 daAuts
  Lair:3: 999 daAuts
    D:11: 962 daAuts
  Lair:1: 820 daAuts
     D:7: 812 daAuts
     D:4: 765 daAuts
